 Dungeon Crawl Stone Soup version 0.18.1-48-g4cf74bf (webtiles) character file.

142244 chfi the Tortoise (level 16, -15/159 HPs)
             Began as a Minotaur Fighter on Aug 8, 2016.
             Was a High Priest of Zin.
             Killed from afar by a shock serpent (22 damage)
             ... with a bolt of electricity
             ... on level 2 of the Snake Pit.
             The game lasted 02:50:18 (40678 turns).

chfi the Tortoise (Minotaur Fighter)               Turns: 40678, Time: 02:50:19

Health: -15/159    AC: 29    Str: 26    XL:     16   Next: 80%
Magic:  26/26      EV:  7    Int:  5    God:    Zin [*****.]
Gold:   1318       SH: 12    Dex:  8    Spells: 0 memorised, 15 levels left

rFire  + . .     SeeInvis .     a - +8 flail (crush)
rCold  + + +     Gourm    +     A - +1 plate armour {rN+}
rNeg   + + +     Faith    .     c - +0 shield
rPois  +         Spirit   .     T - +2 hat {MR+}
rElec  .         Dismiss  .     Y - +1 cloak "Ken Emom" {rC++ rN++ Dex-4}
rCorr  .         Reflect  .     N - +2 pair of gloves {rC+}
SustAt .         Harm     .     h - +0 pair of boots
MR     ++...                    G - amulet of the gourmand
Stlth  ..........               M - ring of poison resistance
                                J - ring "Dogenu" {+Blink rF+}

@: very resistant to hostile enchantments, extremely unstealthy
A: retaliatory headbutt, horns 2
a: Recite, Vitalisation, Imprison, Sanctuary, Donate Gold, Renounce Religion,
Evoke Blink


You were on level 2 of the Snake Pit.
You worshipped Zin.
Zin was extremely pleased with you.
You were very full.

You visited 5 branches of the dungeon, and saw 28 of its levels.
You also visited: Ice Cave.

You collected 3067 gold pieces.
You spent 740 gold pieces at shops.
You donated 1009 gold pieces to Zin.

Inventory:

Hand Weapons
 a - a +8 flail of crushing (weapon)
 b - a +0 hunting sling
 P - a +2 morningstar of venom
Missiles
 k - 160 sling bullets
Armour
 c - a +0 shield (worn)
 h - a +0 pair of boots (worn)
 A - a +1 plate armour of positive energy (worn)
 N - a +2 pair of gloves of cold resistance (worn)
 T - a +2 hat of magic resistance (worn)
 Y - the +1 cloak "Ken Emom" (worn) {rC++ rN++ Dex-4}
   (You found it on level 5 of the Lair of Beasts)

   It affects your dexterity (-4).
   It greatly protects you from cold.
   It greatly protects you from negative energy.
Jewellery
 o - an uncursed ring of see invisible
 C - an uncursed ring of flight
 F - an uncursed ring of positive energy
 G - an amulet of the gourmand (around neck)
 J - the ring "Dogenu" (left hand) {+Blink rF+}
   (You found it on level 8 of the Lair of Beasts)

   [ring of protection from fire]

   It protects you from fire.
   It lets you blink.
 L - a +2 ring of slaying
 M - a ring of poison resistance (right hand)
 O - the ring "Giclemete" {+Blink rC+ Dex+6}
   (You found it on level 3 of the Lair of Beasts)

   [ring of dexterity]

   It affects your dexterity (+6).
   It protects you from cold.
   It lets you blink.
Wands
 m - a wand of slowing (20/48)
 r - a wand of lightning (6/15)
 v - a wand of iceblast (10/15)
 B - a wand of paralysis (24/24)
 D - a wand of flame (48/48)
 H - a wand of digging (22/24)
 R - a wand of enslavement (7/24)
Scrolls
 e - 10 scrolls of remove curse
 g - 4 scrolls of fear
 i - a scroll of identify
 q - 6 scrolls of magic mapping
 y - 8 scrolls of teleportation
 S - 3 scrolls of summoning
 W - a scroll of fog
 X - 4 scrolls of blinking
 Z - 2 scrolls of silence
Potions
 d - 7 potions of might
 n - 4 potions of flight
 s - 3 potions of ambrosia
 u - a potion of resistance
 w - 3 potions of magic
 x - a potion of cancellation
 z - 2 potions of invisibility
 E - 2 potions of cure mutation
 K - 2 potions of haste
 V - 9 potions of curing
Miscellaneous
 j - a lamp of fire
 t - a disc of storms
Comestibles
 f - 20 bread rations
 p - 4 royal jellies
 Q - 4 beef jerkies
 U - 6 meat rations


   Skills:
 - Level 18.4 Fighting
 - Level 15.1 Maces & Flails
 - Level 1.2 Slings
 * Level 18.5 Armour
 - Level 11.0 Shields
 - Level 15.0 Invocations
 - Level 5.1 Evocations


You had 15 spell levels left.
You didn't know any spells.

Dungeon Overview and Level Annotations

Branches:
Dungeon (15/15)            Temple (1/1) D:6            Lair (8/8) D:11
 Shoals (0/4) Lair:3        Snake (2/4) Lair:3        Slime (0/6) Lair:8
    Orc (2/2) D:12            Elf (0/3) Orc:2        Vaults (0/5) D:14
 Depths (0/5) D:15

Altars:
Ashenzari
Cheibriados
Dithmenos
Elyvilon
Fedhas
Gozag
Kikubaaqudgha
Makhleb
Nemelex Xobeh
Okawaru
Pakellas
Qazlal
Ru
Sif Muna
Trog
Vehumet
Xom
Yredelemnul
Zin
The Shining One
Beogh
Jiyva

Shops:
D:8 %   D:13 %   Orc:1 (   Orc:2 ![!*

Annotations:
Snake:1 Aizul


Innate Abilities, Weirdness & Mutations

You reflexively headbutt those who attack you in melee.
You have a pair of horns on your head.


Message History

You thump the shock serpent! Your headbutt misses the shock serpent.
The shock serpent is almost dead.
The shock serpent's electric aura discharges, shocking you!
* * * LOW HITPOINT WARNING * * *
You block the shock serpent's attack. x2
Unknown command.
You hit the shock serpent. Your headbutt misses the shock serpent.
The shock serpent is almost dead.
The shock serpent bites you.
* * * LOW HITPOINT WARNING * * *
The shock serpent shocks you!
* * * LOW HITPOINT WARNING * * *
You hit the shock serpent. Your headbutt misses the shock serpent.
The shock serpent is almost dead.
You block the shock serpent's attack.
You miss the shock serpent. Your headbutt misses the shock serpent.
The shock serpent is almost dead.
The shock serpent shoots out a bolt of lightning at you!
The bolt of electricity hits you!
You die...

#...# ##..## S.. ##
#....# ... ##..#
##....## ...
......###)...(.##....
.......)))......#..
.......##)......... .
......# ##.....S###
## .....# #.....@# #
##..# ##.....# ###
#...### #####


You could see an anaconda (wandering) and a shock serpent.

Vanquished Creatures
  Asterion (Lair:3)
  Gastronok (D:8)
  Kirke (D:15)
  A greater naga (Snake:2)
  Maud (D:14)
  Nessos (Lair:6)
  A dire elephant (D:15)
  Azrael (D:13)
  A salamander stormcaller (D:13)
  Snorg (D:14)
  Erolcha (Orc:2)
  4 vault guards (D:14)
  6 naga warriors
  The ghost of sonic the Thaumaturge, a journeyman DgFE (Lair:1)
  2 centaur warriors (D:15)
  9 hydras
  4 anacondas (Snake:1)
  A catoblepas (Lair:7)
  2 ogre magi (Orc:2)
  An orc high priest (Orc:2)
  3 shock serpents (Snake:1)
  A tengu warrior (D:14)
  5 naga sharpshooters (Snake:1)
  Urug (Lair:1)
  A sea snake (Snake:1)
  4 unseen horrors
  A lindwurm (Lair:2)
  2 necromancers
  Pikel (D:5)
  5 hill giants
  2 wolf spider zombies
  8 orc sorcerers (Orc:2)
  2 orc knights
  A deep elf mage (D:13)
  3 oklob plants
  A mana viper (Snake:1)
  3 griffons
  A manticore (D:15)
  15 ugly things
  2 cyclopes
  16 elephants
  3 sirens (Lair:3)
  15 black mambas
  3 naga magi
  6 centaur skeletons
  An ice statue (IceCv)
  31 spiny frogs
  4 kobold demonologists
  11 freezing wraiths
  7 komodo dragons
  A merfolk (Lair:3)
  8 trolls
  A polar bear (Lair:6)
  A troll (shapeshifter) (D:15)
  A giant leech (Lair:8)
  Grinder (D:5)
  12 slime creatures
  A hornet zombie (D:15)
  35 blink frogs
  A boulder beetle (Lair:7)
  A spriggan (D:7)
  3 shadows
  5 fire elementals (D:13)
  2 wyverns
  A vampire (D:13)
  3 wraiths
  2 hogs (D:15)
  53 yaks
  2 basilisks
  A steam dragon (Lair:4)
  18 vampire mosquitoes
  11 hippogriffs
  2 hungry ghosts (D:7)
  4 mottled dragons
  A hippogriff (shapeshifter) (D:13)
  A soldier ant (D:13)
  5 wargs
  14 nagas
  Edmund (D:5)
  20 water moccasins
  9 porcupines
  Duvessa (D:7)
  26 orc warriors
  3 black bears
  A hell hound (D:13)
  4 phantoms
  20 ice beasts
  7 necrophages
  2 sky beasts (D:14)
  A tengu (shapeshifter) (D:14)
  2 alligator simulacra (IceCv)
  20 ogres
  16 centaurs
  23 wolves
  12 crocodiles
  Blork the orc (D:6)
  5 big kobolds
  43 giant frogs
  Dowan (D:7)
  A wyvern skeleton (D:12)
  4 scorpions
  4 killer bees (D:14)
  An elephant simulacrum (IceCv)
  A howler monkey (D:11)
  20 wights
  9 electric eels
  9 crimson imps
  5 draconian simulacra (IceCv)
  A lava snake (D:9)
  A quasit (D:11)
  4 centaur zombies
  A jelly (D:6)
  2 giant frog zombies
  9 hounds
  A giant frog skeleton (D:11)
  16 orc priests
  31 orc wizards
  10 iguanas
  Jessica (D:2)
  7 worker ants
  A spriggan simulacrum (IceCv)
  2 polar bear simulacra (Lair:5)
  2 yak simulacra (Lair:5)
  5 troll simulacra (IceCv)
  5 wolf simulacra
  22 sheep
  5 centaur simulacra (IceCv)
  A hound zombie (D:10)
  4 hound skeletons
  A worker ant zombie (D:4)
  5 gnolls
  3 naga simulacra (IceCv)
  15 adders
  An ogre simulacrum (IceCv)
  58 river rats
  4 shadow imps
  12 white imps (IceCv)
  An ooze (D:5)
  An adder skeleton (D:5)
  2 adder zombies
  2 dart slugs (D:3)
  2 worms (D:5)
  6 giant geckos
  83 orcs
  11 giant cockroaches
  10 goblins
  22 hobgoblins
  11 jackals
  26 kobolds
  8 quokkas
  3 ball pythons
  A ball python skeleton (D:5)
  5 bats
  A giant cockroach zombie (D:5)
  2 giant gecko skeletons
  8 giant newts
  A jackal skeleton (D:5)
  11 rats
  3 river rat simulacra (Lair:5)
  2 pillars of salt (D:15)
  A plant (Lair:1)
1116 creatures vanquished.

Vanquished Creatures (others)
  A human (D:15)
  2 orc wizards (Orc:2)
  13 fungi
  15 pillars of salt
  13 plants
44 creatures vanquished.

Grand Total: 1160 creatures vanquished

Notes
Turn   | Place    | Note
--------------------------------------------------------------
     0 | D:1      | chfi the Minotaur Fighter began the quest for the Orb.
     0 | D:1      | Reached XP level 1. HP: 19/19 MP: 0/0
    45 | D:1      | Reached XP level 2. HP: 20/26 MP: 1/1
   970 | D:1      | Reached XP level 3. HP: 31/31 MP: 2/2
  1328 | D:2      | Found a faded altar to an unknown god.
  1366 | D:2      | Noticed Jessica
  1374 | D:2      | Killed Jessica
  1374 | D:2      | Reached skill level 5 in Maces & Flails
  1374 | D:2      | Reached XP level 4. HP: 21/39 MP: 3/3
  2190 | D:3      | You fall through a shaft!
  2227 | D:4      | Noticed a phantom
  2234 | D:4      | Noticed an ogre
  2314 | D:3      | Reached XP level 5. HP: 32/45 MP: 4/4
  2571 | D:3      | Killed a phantom
  2571 | D:3      | Reached XP level 6. HP: 42/51 MP: 5/5
  4160 | D:4      | Reached skill level 1 in Slings
  4160 | D:4      | Reached XP level 7. HP: 37/57 MP: 6/6
  4282 | D:5      | Entered Level 5 of the Dungeon
  4746 | D:5      | Noticed Edmund
  4760 | D:5      | Killed Edmund
  4760 | D:5      | Reached skill level 5 in Armour
  5449 | D:5      | Noticed Grinder
  5459 | D:5      | Paralysed by Grinder for 2 turns
  5472 | D:5      | Killed Grinder
  5472 | D:5      | Reached XP level 8. HP: 60/64 MP: 7/7
  5512 | D:5      | Found a glowing golden altar of the Shining One.
  5513 | D:5      | Found a shimmering altar of Xom.
  5642 | D:5      | Noticed Pikel
  5656 | D:5      | Killed Pikel
  5746 | D:6      | Noticed Blork the orc
  5766 | D:6      | Killed Blork the orc
  6318 | D:6      | Reached XP level 9. HP: 70/70 MP: 8/8
  6450 | D:6      | Found a staircase to the Ecumenical Temple.
  6484 | Temple   | Entered the Ecumenical Temple
  6605 | Temple   | Became a worshipper of Zin the Law-Giver
  6605 | Temple   | Reached * piety under Zin
  6608 | Temple   | Donated 112 gold pieces to Zin
  6730 | D:6      | Reached skill level 1 in Invocations
  7629 | D:7      | Reached ** piety under Zin
  7769 | D:7      | Reached skill level 5 in Invocations
  7943 | D:7      | Noticed Dowan
  7948 | D:7      | Noticed Duvessa
  7956 | D:7      | Killed Duvessa
  7963 | D:7      | Killed Dowan
  8005 | D:7      | Reached *** piety under Zin
  8213 | D:8      | Noticed Gastronok
  8665 | D:8      | Reached XP level 10. HP: 69/77 MP: 14/14
  8679 | D:8      | Identified the Incunabulum of the Firefly (You found it on level 8 of the Dungeon)
  8704 | D:8      | Found Yvim's Food Shoppe.
  8714 | D:8      | Bought 2 fruits for 33 gold pieces
  8714 | D:8      | Bought 2 fruits for 33 gold pieces
  8714 | D:8      | Bought a beef jerky for 16 gold pieces
  8714 | D:8      | Bought a beef jerky for 16 gold pieces
  8714 | D:8      | Donated 83 gold pieces to Zin
  8923 | D:8      | Killed Gastronok
  9318 | D:8      | Found a blossoming altar of Fedhas.
  9731 | D:9      | Reached skill level 5 in Shields
  9916 | D:9      | Reached **** piety under Zin
 10493 | D:10     | Entered Level 10 of the Dungeon
 10597 | D:10     | Reached XP level 11. HP: 82/82 MP: 15/15
 11086 | D:10     | Donated 108 gold pieces to Zin
 11243 | D:10     | Reached skill level 5 in Fighting
 11256 | D:10     | Noticed an orc knight
 11282 | D:10     | Killed an orc knight
 11310 | D:10     | Reached ***** piety under Zin
 11783 | D:11     | Found a staircase to the Lair.
 12010 | D:11     | Noticed a cyan ugly thing
 12021 | D:11     | Killed a cyan ugly thing
 12329 | D:11     | Found an iron altar of Okawaru.
 12466 | D:11     | Reached ****** piety under Zin
 12743 | D:11     | Got a faintly glowing scale mail
 12754 | D:11     | Identified the +1 scale mail of Boredom {rC+} (You found it on level 11 of the Dungeon)
 13351 | D:11     | Noticed a hill giant
 13370 | D:11     | Killed a hill giant
 13571 | D:12     | Killed an unseen horror
 13571 | D:12     | Reached skill level 10 in Invocations
 14091 | D:12     | Reached XP level 12. HP: 92/101 MP: 18/18
 14342 | D:12     | Noticed a five-headed hydra
 14348 | D:12     | Killed a five-headed hydra
 14443 | D:12     | Donated 215 gold pieces to Zin
 14677 | D:12     | Found a staircase to the Orcish Mines.
 14816 | D:12     | Found a roughly hewn altar of Beogh.
 14930 | D:12     | Was placed under penance by Zin
 15795 | D:12     | Donated 108 gold pieces to Zin
 16253 | D:12     | Donated 54 gold pieces to Zin
 16261 | D:11     | Was forgiven by Zin
 16281 | Lair:1   | Entered Level 1 of the Lair of Beasts
 16650 | Lair:1   | Noticed sonic's ghost (journeyman DgFE)
 16674 | Lair:1   | Noticed Urug
 16693 | Lair:1   | Killed sonic's ghost
 16712 | Lair:1   | Killed Urug
 17229 | Lair:1   | Reached skill level 10 in Fighting
 17389 | Lair:1   | Reached XP level 13. HP: 77/114 MP: 22/22
 19188 | Lair:2   | Reached skill level 15 in Maces & Flails
 20409 | Lair:3   | Got a shimmering platinum ring
 20411 | Lair:3   | Identified the ring "Giclemete" {+Blink rC+ Dex+6} (You found it on level 3 of the Lair of Beasts)
 20627 | Lair:3   | Reached skill level 1 in Evocations
 20802 | Lair:3   | Found a staircase to the Shoals.
 20936 | Lair:3   | Found a staircase to the Snake Pit.
 21987 | Lair:3   | Reached skill level 5 in Evocations
 23498 | Lair:4   | Donated 144 gold pieces to Zin
 23951 | Lair:4   | Reached XP level 14. HP: 116/128 MP: 23/23
 24493 | Lair:5   | Got a scorched cloak
 24504 | Lair:5   | Identified the +1 cloak "Ken Emom" {rC++ rN++ Dex-4} (You found it on level 5 of the Lair of Beasts)
 25163 | Lair:6   | Noticed Nessos
 25423 | Lair:6   | Killed Nessos
 26577 | Lair:6   | Reached skill level 10 in Shields
 27039 | Lair:7   | Found a frozen archway.
 27203 | IceCv    | Entered an ice cave
 27501 | IceCv    | Found an ancient bone altar of Kikubaaqudgha.
 28114 | Lair:7   | Reached skill level 15 in Fighting
 29355 | Lair:8   | Entered Level 8 of the Lair of Beasts
 29996 | Lair:8   | Reached XP level 15. HP: 141/144 MP: 24/24
 30117 | Lair:8   | Got an ancient amber ring
 30129 | Lair:8   | Identified the ring "Dogenu" {+Blink rF+} (You found it on level 8 of the Lair of Beasts)
 31056 | Lair:8   | Found a viscous altar of Jiyva.
 31056 | Lair:8   | Found a staircase to the Slime Pits.
 31434 | Orc:1    | Entered Level 1 of the Orcish Mines
 31566 | Orc:1    | Found a roughly hewn altar of Beogh.
 31759 | Orc:1    | Found a deep blue altar of Sif Muna.
 31941 | Orc:1    | Found Suvvaa's Weapon Emporium.
 32026 | Orc:2    | Entered Level 2 of the Orcish Mines
 32437 | Orc:2    | Found Vafeamos's Assorted Antiques.
 32770 | Orc:2    | Bought a scroll of enchant armour for 202 gold pieces
 32770 | Orc:2    | Bought a scroll labeled NYCREM QOTUTS for 27 gold pieces
 32770 | Orc:2    | Bought a scroll labeled TUASEX JOVEOR for 27 gold pieces
 32873 | Orc:2    | Found a staircase to the Elven Halls.
 33104 | Orc:2    | Found Ruydoep's Distillery.
 33136 | Orc:2    | Found an ancient bone altar of Kikubaaqudgha.
 33154 | Orc:2    | Found Jiruk's Antique Armour Shop.
 33171 | Orc:2    | Noticed Erolcha
 33182 | Orc:2    | Killed Erolcha
 33183 | Orc:2    | Found Yramaji's Distillery.
 33183 | Orc:2    | Found Kojifoll's Book Shop.
 33184 | Orc:2    | Found a roughly hewn altar of Beogh.
 33237 | Orc:2    | Found a radiant altar of Vehumet.
 33302 | Orc:2    | Bought a potion of heal wounds for 80 gold pieces
 33349 | Orc:2    | Bought a potion of cancellation for 136 gold pieces
 33349 | Orc:2    | Bought 2 potions of heal wounds for 170 gold pieces
 33823 | D:13     | Found Kuici's Food Shop.
 34013 | D:13     | Noticed Azrael
 34028 | D:13     | Killed Azrael
 34362 | D:14     | Noticed Snorg
 34387 | D:14     | Killed Snorg
 34458 | D:14     | Found a gate to the Vaults.
 34740 | D:14     | Reached skill level 15 in Invocations
 34779 | D:14     | Noticed Maud
 34799 | D:14     | Killed Maud
 35344 | D:15     | Entered Level 15 of the Dungeon
 35881 | D:15     | Reached XP level 16. HP: 159/159 MP: 26/26
 35957 | D:15     | Reached skill level 15 in Armour
 36216 | D:15     | Noticed Kirke
 36236 | D:15     | Killed Kirke
 36367 | D:15     | Found a staircase to the Depths.
 37730 | Snake:1  | Entered Level 1 of the Snake Pit
 37730 | Snake:1  | Noticed Asterion
 37749 | Lair:3   | Killed Asterion
 37943 | Snake:1  | Noticed Aizul
 37976 | Snake:1  | HP: 2/159 [shock serpent/bolt of electricity (16)]
 40676 | Snake:2  | HP: 6/159 [shock serpent (11)]
 40678 | Snake:2  | Killed from afar by a shock serpent

Skill      XL: |  1  2  3  4  5  6  7  8  9 10 11 12 13 14 15 16 |
---------------+-------------------------------------------------+-----
Maces & Flails | 3 4 5 6 7 9 11 12 14 15 | 15.1
Slings         | 1 |  1.2
Armour         | 8 12 13 14 18 | 18.5
Invocations    | 7 10 13 15 | 15.0
Shields        | 6 7 11 | 11.0
Fighting       | 8 10 13 16 18 | 18.4
Evocations     | 5 |  5.1

Action                   |  1- 3 |  4- 6 |  7- 9 | 10-12 | 13-15 | 16-18 || total
-------------------------+-------+-------+-------+-------+-------+-------++-------
Melee: Flail             |    94 |   203 |   276 |   740 |  1730 |   483 ||  3526
       Headbutt          |    11 |    26 |    37 |   176 |   451 |   119 ||   820
       Whip              |       |     4 |       |       |       |       ||     4
 Fire: Hunting sling     |       |    32 |   101 |   129 |    53 |       ||   315
Throw: Stone             |       |    25 |    28 |    78 |       |       ||   131
Invok: Recite            |       |       |     5 |    20 |    31 |     8 ||    64
       Donate Gold       |       |       |     1 |     5 |     1 |       ||     7
       Vitalisation      |       |       |       |       |     4 |     2 ||     6
       Sanctuary         |       |       |       |       |       |     2 ||     2
 Abil: Evoke Blink       |       |       |       |       |     2 |     1 ||     3
Evoke: Disc of storms    |       |       |       |     1 |       |       ||     1
  Use: Scroll            |       |     6 |     8 |    15 |    19 |     4 ||    52
       Potion            |       |       |       |       |     1 |     5 ||     6
 Stab: Confused          |       |       |       |     5 |    16 |     7 ||    28
       Paralysed         |       |       |       |     5 |    22 |       ||    27
       Invisible         |       |       |       |     1 |     1 |       ||     2
       Petrified         |       |       |       |       |     1 |       ||     1
  Eat: Chunk             |     2 |     5 |    22 |    36 |    57 |    16 ||   138
       Meat ration       |       |     1 |       |       |       |       ||     1
       Fruit             |       |       |       |     1 |     2 |       ||     3
       Pizza             |       |       |       |       |     1 |       ||     1
Armor: Scale mail        |    34 |       |       |       |       |       ||    34
       Chain mail        |     8 |   129 |   139 |    39 |       |       ||   315
       Plate armour      |       |       |       |   348 |   985 |   248 ||  1581
Dodge: Dodged            |    18 |    46 |    52 |   152 |   367 |    92 ||   727
Block: Shield            |    55 |   113 |   135 |   344 |  1098 |   278 ||  2023
